[Event "*** Biggest EVER Titled Tuesday"]
[Site "Chess.com"]
[Date "2018.04.17"]
[Round "3"]
[White "biostatistician"]
[Black "schoolmeester"]
[Result "0-1"]
[WhiteElo "2432"]
[BlackElo "2682"]
[TimeControl "180+2"]
[EndTime "13:35:56 PDT"]
[Termination "schoolmeester won by resignation"]

1. d4 d5 2. Nf3 Nf6 3. c4 c6 4. cxd5 cxd5 5. Nc3 a6 6. Bf4 Nc6 7. Rc1 Bf5 8. e3 e6 9. Qb3 Ra7 10. Be2 Be7 11. O-O O-O 12. Na4 Ne4 13. Qb6 Qxb6 14. Nxb6 f6 15. Bc7 g5 16. Rfd1 Bd8 17. Bxd8 Rxd8 18.
Nd2 Nxd2 19. Rxd2 Kf8 20. Bd3 Bxd3 21. Rxd3 Ke7 22. Rdc3 h5 23. a3 Kd6 24. b4 g4 25.
Kf1 h4 26. Ke2 Rg8 27. Na4 g3 28. fxg3 hxg3 29. h3 e5 30. Nc5 Rc8 31. dxe5+ fxe5 32. Rd1 b6 33. Ne4+ Ke6 34. Rdc1 Rac7 35. Ng5+ Kf6 36. Nh7+ Kg7 37. Ng5 Kg6 38. h4 Nd4+ 39. Kd3 Rxc3+ 40. Rxc3 Rxc3+ 41. Kxc3 Nf5 42. e4 Nxh4 0-1

[Event "*** Biggest EVER Titled Tuesday"]
[Site "Chess.com"]
[Date "2018.04.17"]
[Round "3"]
[White "Justmig"]
[Black "Tesla37"]
[Result "0-1"]
[WhiteElo "2522"]
[BlackElo "2585"]
[TimeControl "180+2"]
[EndTime "13:35:58 PDT"]
[Termination "Tesla37 won on time"]

1. e4 c5 2. Nf3 e6 3. d4 cxd4 4. Bg5 Qa5+ 5. c3 Nc6 6. b4 Qc7 7. b5 Ne5 8. cxd4 Nxf3+ 9. gxf3 Be7 10. Bxe7 Nxe7 11. Nd2 O-O 12. Bd3 Ng6 13. Rc1 Qb6 14. Nb3 e5 15. dxe5 Nxe5 16. f4 Ng6 17. f5 Ne5 18. Be2 Qh6 19. Qd2 Qh4 20. O-O d6 21.
f4 Ng4 22. Bxg4 Qxg4+ 23. Kh1 b6 24. Qe3 Bb7 25. Nd4 Rae8 26. Rc6 Bxc6 27. bxc6 Qh4 28. Rg1 Qe7 29. Re1 g6 30. Qc3 Qf6 31. c7 Rc8 32. e5 dxe5 33. fxe5 Qh4 34. Rc1 Qf4 35. Kg1 Qxe5 36. Nc6 Qxc7 37. Qf6 Rfe8 38. Ne7+ Qxe7 39. Qxe7 Rxc1+ 40. Qe1 Rexe1+ 0-1

[Event "*** Biggest EVER Titled Tuesday"]
[Site "Chess.com"]
[Date "2018.04.17"]
[Round "3"]
[White "sergiochess83"]
[Black "tigra"]
[Result "1-0"]
[WhiteElo "2782"]
[BlackElo "2680"]
[TimeControl "180+2"]
[EndTime "13:35:59 PDT"]
[Termination "sergiochess83 won on time"]

1. c4 Nf6 2. Nc3 g6 3. e4 e5 4. Nf3 Nc6 5. d4 exd4 6. Nxd4 Bb4 7. Bg5 h6 8. Nxc6 bxc6 9. Bd2 Qe7 10. Bd3 Ba6 11. O-O Rb8 12. e5 Nh5 13. Re1 Kd8 14. Qg4 Ng7 15. Rad1 Ne6 16. a3 h5 17. Qg3 h4 18.
Qg4 Bxc3 19. Bxc3 h3 20. g3 Kc8 21. Bf1 Rb3 22. Bxh3 Rxh3 23. Qxh3 Bxc4 24. Qh8+ Kb7 25. Qf6 Qxf6 26. exf6 c5 27. Rxd7 Ng5 28. Re3 Kc6 29. Rd8 Ne6 30. Re8 Kd6 31. Be5+ Kd5 32. Rxb3 Bxb3 33. Bc3 Nd4 34. h4 Nc6 35. f3 Bc2 36. g4 Bd1 37. Kf2 Bc2 38. h5 gxh5 39. gxh5 a5 40. h6 Bf5 41. Re7 Bg6 42. Rxf7 Nd8 43. Rd7+ 1-0

[Event "*** Biggest EVER Titled Tuesday"]
[Site "Chess.com"]
[Date "2018.04.17"]
[Round "3"]
[White "nikitakhoroshev"]
[Black "amintabatabaei"]
[Result "1-0"]
[WhiteElo "2500"]
[BlackElo "2641"]
[TimeControl "180+2"]
[EndTime "13:35:59 PDT"]
[Termination "nikitakhoroshev won by resignation"]

1. d4 g6 2. Nc3 Bg7 3. e4 d6 4. f4 Nf6 5. Nf3 O-O 6. e5 Nfd7 7. h4 c5 8. h5 cxd4 9. Qxd4 dxe5 10. Qf2 e4 11. Nxe4 Nf6 12. Nxf6+ exf6 13. Bd3 Re8+ 14. Kf1 Nc6 15. Bd2 Bg4 16. hxg6 hxg6 17. Bc3 Bxf3 18.
Qxf3 f5 19. Qh3 Bxc3 20. bxc3 Qf6 21. Qh7+ Kf8 22. Rb1 b6 23. Bb5 Red8 24. Re1 Na5 25. Rh3 Qg7 26. Qh4 Kg8 27. Re7 Rd1+ 28. Kf2 Rf8 29.
Rd7 Rxd7 30. Bxd7 Nb7 31. Bxf5 Nd6 32. Bd3 Re8 33. f5 Qe5 34. Qh7+ Kf8 35. Qh6+ Kg8 36. fxg6 Qe1+ 37. Kf3 Qd1+ 38. Kg3 Qe1+ 39. Kh2 Qe5+ 40. Rg3 fxg6 41. Bxg6 Re7 42. Bh7+ Kf7 43. Qg6+ 1-0

[Event "*** Biggest EVER Titled Tuesday"]
[Site "Chess.com"]
[Date "2018.04.17"]
[Round "3"]
[White "Goala"]
[Black "MateusViageiro"]
[Result "0-1"]
[WhiteElo "2306"]
[BlackElo "2226"]
[TimeControl "180+2"]
[EndTime "13:36:01 PDT"]
[Termination "MateusViageiro won by resignation"]

1. d4 Nf6 2. c4 e6 3. Nf3 b6 4. g3 Bb7 5. Bg2 Bb4+ 6. Nbd2 O-O 7. O-O Ne4 8. Qc2 Nxd2 9. Bxd2 Bxd2 10.
Qxd2 d6 11. Rac1 Nd7 12. b4 c5 13. a3 Rc8 14. Rfd1 Nf6 15. Qd3 Qe7 16. h3 Rfd8 17. Qe3 cxd4 18. Qxd4 e5 19. Qe3 h6 20. Ne1 Bxg2 21.
Nxg2 Qe6 22. Qd3 Qxh3 23. Ne3 e4 24. Qd4 h5 25. c5 h4 26. gxh4 bxc5 27. bxc5 dxc5 28.
Qxd8+ Rxd8 29. Rxd8+ Kh7 30. Rxc5 Qxh4 31. Rcc8 Kg6 32.
Rc5 Nh5 33. Rd6+ f6 34. Nf5 Qg5+ 35. Kf1 Qg4 36. Ne3 Qh3+ 37. Ke1 Nf4 38. Rd7 Qxd7 0-1

[Event "*** Biggest EVER Titled Tuesday"]
[Site "Chess.com"]
[Date "2018.04.17"]
[Round "3"]
[White "Imre91"]
[Black "Fins0905"]
[Result "1-0"]
[WhiteElo "2681"]
[BlackElo "2528"]
[TimeControl "180+2"]
[EndTime "13:36:04 PDT"]
[Termination "Imre91 won by checkmate"]

1. d4 d5 2. Nf3 Nf6 3. Bg5 Ne4 4. Bf4 c5 5. e3 Nc6 6. Nbd2 Nxd2 7. Qxd2 cxd4 8. exd4 Bf5 9. Bb5 a6 10. Bxc6+ bxc6 11. O-O g6 12. Rfe1 Bg7 13. Qb4 Be6 14. Qc5 O-O 15. c3 Qd7 16. Re3 h6 17. Rae1 Qb7 18. b3 Rae8 19. Ne5 Bxe5 20. Rxe5 Kh7 21.
h3 Qb5 22. Qa3 a5 23. Qc1 h5 24. Qd1 Kg7 25. Qf3 a4 26. bxa4 Qxa4 27. Qg3 Rh8 28.
Rxe6 fxe6 29. Be5+ Kh7 30. Bxh8 Rxh8 31. Rxe6 Rg8 32.
Rxe7+ Rg7 33. Qe5 Rxe7 34. Qxe7+ Kg8 35. Qf6 Kh7 36. Qf7+ Kh6 37. Qg8 h4 38. Qh8+ Kg5 39. f4+ Kxf4 40. Qe5# 1-0

[Event "*** Biggest EVER Titled Tuesday"]
[Site "Chess.com"]
[Date "2018.04.17"]
[Round "3"]
[White "PenguinPacks"]
[Black "omer1997"]
[Result "1/2-1/2"]
[WhiteElo "2153"]
[BlackElo "2075"]
[TimeControl "180+2"]
[EndTime "13:36:05 PDT"]
[Termination "Game drawn - insufficient material"]

1. d4 d5 2. c4 c6 3. Nf3 Nf6 4.
Nc3 dxc4 5. a4 Bf5 6. e3 e6 7.
Bxc4 Nbd7 8. Qe2 Bb4 9. O-O Bg4 10. h3 Bxf3 11. Qxf3 O-O 12. Rd1 Rc8 13. e4 e5 14.
Bg5 Qa5 15. Qg3 exd4 16. Rxd4 Qe5 17. Qxe5 Nxe5 18. Bxf6 gxf6 19. Bxf7+ Rxf7 20. Rxb4 Nd3 21. Rd4 Nc5 22. Rad1 a5 23. Rc4 Ne6 24. Rd6 Re8 25. b4 axb4 26. Rxb4 Rfe7 27. f3 h5 28. Rb6 Kf7 29.
a5 Ra8 30. a6 Rxa6 31. Rxa6 bxa6 32. Rxc6 Rc7 33. Rxc7+ Nxc7 34. Kf2 Ke6 35. Ke3 f5 36. exf5+ Kxf5 37. g4+ Kg5 38. Ne4+ Kh4 39. Nf2 hxg4 40. hxg4 a5 41. Nd3 a4 42. Nb4 a3 43. Kd4 Kg3 44. Ke4 Kh4 45. Kf5 Nd5 46. Na2 Ne3+ 47. Kf6 Nxg4+ 48. fxg4 Kxg4 49. Ke5 Kf3 50. Kd4 Ke2 51. Kc3 Ke3 52. Kb3 Kd4 53. Kxa3 1/2-1/2

[Event "*** Biggest EVER Titled Tuesday"]
[Site "Chess.com"]
[Date "2018.04.17"]
[Round "3"]
[White "Gergo85"]
[Black "Alex_Molchanov"]
[Result "0-1"]
[WhiteElo "2539"]
[BlackElo "2548"]
[TimeControl "180+2"]
[EndTime "13:36:06 PDT"]
[Termination "Alex_Molchanov won by resignation"]

1. e4 e6 2. d4 d5 3. Nd2 Nf6 4. e5 Nfd7 5. Bd3 c5 6. c3 Nc6 7. Ne2 b6 8. O-O cxd4 9. cxd4 Nb4 10.
Bb1 Ba6 11. Nf3 Be7 12. a3 Nc6 13. Re1 Rc8 14. Ng3 g6 15. Bh6 Bf8 16. Qd2 Na5 17.
Ba2 Bc4 18. Bxf8 Kxf8 19. b4 Bxa2 20. bxa5 Bc4 21. axb6 axb6 22. a4 Kg7 23. h4 h6 24.
Ra3 Qe7 25. Rea1 Ra8 26. Qe3 Ba6 27. Qf4 Bc4 28. Qe3 Ra5 29. Nd2 Qxh4 30. Nxc4 dxc4 31. Ne4 Rd5 32. g3 Qg4 33. a5 bxa5 34. Rxa5 Rxa5 35. Rxa5 Nb6 36. Ra7 Nd5 37. Qe1 Rf8 38. Nd6 c3 39. Qc1 Qxd4 40. Rd7 Qxe5 41. Qc2 Nf6 42. Nc4 Qe1+ 43.
Kg2 Nxd7 44. Qd3 Nf6 45. Qd4 Qe4+ 46. Qxe4 Nxe4 0-1

[Event "*** Biggest EVER Titled Tuesday"]
[Site "Chess.com"]
[Date "2018.04.17"]
[Round "3"]
[White "NTBT_DHS"]
[Black "GMAkobianSTL"]
[Result "1-0"]
[WhiteElo "2512"]
[BlackElo "2642"]
[TimeControl "180+2"]
[EndTime "13:36:10 PDT"]
[Termination "NTBT_DHS won by resignation"]

1. d4 Nf6 2. c4 b6 3. Nf3 Bb7 4. g3 g6 5. Bg2 Bg7 6. O-O O-O 7.
Nc3 Ne4 8. Qc2 Nxc3 9. Qxc3 c5 10. Be3 d6 11. Qd2 Nd7 12. d5 b5 13. Bh6 bxc4 14. Bxg7 Kxg7 15. Qc3+ Kg8 16. Nd2 Nb6 17. e4 Rb8 18. h4 h5 19. a4 Ba6 20. f4 Nd7 21. a5 Qc7 22. e5 dxe5 23. f5 Nf6 24. fxg6 fxg6 25. Rae1 e4 26. Nxe4 Rb3 27. d6 Rxc3 28.
dxc7 Rc2 29. Nxc5 Bc8 30. Rxe7 c3 31. b4 Rd2 32. Rc1 c2 33. Nb3 Rd1+ 34. Re1 Rxe1+ 35.
Rxe1 Ne8 36. Bd5+ Kg7 37. Nd4 Nxc7 38. Re7+ Kf6 39. Rxc7 Rd8 40. Nxc2 Bf5 41. Ne3 Ke5 42. Nxf5 Rxd5 43. Ne3 Rd2 44. Nc4+ 1-0

[Event "*** Biggest EVER Titled Tuesday"]
[Site "Chess.com"]
[Date "2018.04.17"]
[Round "3"]
[White "belisarius64"]
[Black "champ2005"]
[Result "0-1"]
[WhiteElo "2498"]
[BlackElo "2609"]
[TimeControl "180+2"]
[EndTime "13:36:12 PDT"]
[Termination "champ2005 won by resignation"]

1. e4 c6 2. Nc3 d5 3. Nf3 dxe4 4. Nxe4 Nf6 5. Bd3 Nxe4 6. Bxe4 Nd7 7. d4 Nf6 8. Bd3 Bg4 9. c3 e6 10. O-O Bd6 11. h3 Bh5 12. Be2 O-O 13. Ne5 Bxe2 14. Qxe2 Qc7 15. Re1 Nd7 16. Nc4 Be7 17. Qf3 Nb6 18. Bf4 Qd8 19. Ne5 Qd5 20. Qg3 Rfe8 21. Bh6 Bf8 22. Ng4 Kh8 23. Re5 Qd7 24. Rg5 Qe7 25.
Ne3 f6 26. Rg4 f5 27. Rg5 Qf7 28. Qe5 Nd7 29. Qc7 gxh6 30. Rg3 Rab8 31. Rf3 Rec8 32. Qf4 Bg7 33. Nc4 Rg8 34. Re1 Rbf8 35. Rfe3 e5 36. dxe5 Qe6 37. Rd1 Nb6 38. Nd6 Nd5 39. Qc4 Qe7 40. Re2 f4 41. Qe4 f3 42. Ree1 Rf4 43.
Qd3 Bxe5 44. Nc4 Rxg2+ 45. Kf1 Qg7 46. Qxf3 Rxf3 47. Rxe5 Rgxf2+ 0-1

[Event "*** Biggest EVER Titled Tuesday"]
[Site "Chess.com"]
[Date "2018.04.17"]
[Round "3"]
[White "Kislov_Oleg"]
[Black "vuqaresedli"]
[Result "0-1"]
[WhiteElo "2263"]
[BlackElo "2331"]
[TimeControl "180+2"]
[EndTime "13:36:13 PDT"]
[Termination "vuqaresedli won by resignation"]

1. e4 e5 2. Nf3 Nc6 3. d4 exd4 4.
Nxd4 Bb4+ 5. c3 Bc5 6. Be3 Bb6 7. Bc4 Nf6 8. Nxc6 bxc6 9. e5 Nd5 10. Bxd5 cxd5 11. Qg4 Kf8 12. O-O h5 13. Qf3 Bb7 14. Nd2 Qe7 15. Nb3 h4 16. h3 c5 17. Bf4 Qe6 18.
Rad1 Bc6 19. Qe3 Qe7 20. Bg5 f6 21. exf6 gxf6 22. Qxe7+ Kxe7 23. Rfe1+ Kf7 24. Be3 d6 25. Bf4 Rad8 26. f3 Rhg8 27. Kf2 Rg6 28. Re3 Rdg8 29.
Rg1 f5 30. Re2 a5 31. Be3 a4 32.
Nc1 d4 33. Bf4 c4 34. cxd4 Bxd4+ 35. Be3 Be5 36. Rc2 f4 37. Ba7 Ra8 38. Rxc4 Rxa7 39. Rxc6 Bd4+ 40. Kf1 Bxg1 41. Kxg1 d5 42. Rc5 Rd6 43.
Kf2 Ke6 44. Nd3 Kf5 45. Rb5 Rc7 46. Rb4 Rc2+ 47. Kf1 Rd2 48. Rxf4+ Ke6 49. Rd4 Ke7 50.
Ke1 Rxg2 51. Rxh4 Re6+ 52. Kd1 Re3 53. Rd4 Rxf3 54. Rxd5 Rf1+ 55. Ne1 Rxb2 56. Rd2 Rb1+ 57. Kc2 Rfxe1 0-1

[Event "*** Biggest EVER Titled Tuesday"]
[Site "Chess.com"]
[Date "2018.04.17"]
[Round "3"]
[White "underdogchss"]
[Black "GoingKronos"]
[Result "0-1"]
[WhiteElo "2375"]
[BlackElo "2387"]
[TimeControl "180+2"]
[EndTime "13:36:13 PDT"]
[Termination "GoingKronos won by resignation"]

1. d4 Nf6 2. Nf3 e6 3. c4 c5 4. d5 d6 5. Nc3 exd5 6. cxd5 g6 7. Bf4 Bg7 8. h3 O-O 9. e3 Na6 10. Be2 Nc7 11. a4 b6 12. O-O a6 13. e4 Re8 14.
Nd2 Rb8 15. Nc4 Nxe4 16. Nxe4 Rxe4 17. Bxd6 b5 18. Bxc7 Qxc7 19. axb5 axb5 20. d6 Qd7 21. Ne3 Rd4 22. Qc2 Qxd6 23. Rfd1 Be6 24. Rac1 c4 25.
Rxd4 Qxd4 26. Rd1 Qc5 27. Bg4 Bxg4 28. hxg4 Re8 29. Rd5 Qc6 30. Qd2 b4 31. Qxb4 Rxe3 32. Rd8+ Re8 33. Rxe8+ Qxe8 34. Qxc4 Bxb2 35. g3 Bf6 36.
Kg2 Qe5 37. Kg1 Kg7 38. Kg2 Qe6 39. Qa4 Qd5+ 40. Kg1 Bd4 41. Kf1 Qh1+ 42. Ke2 Qe4+ 43. Kf1 Qxg4 44. Qc4 Qe4 0-1

[Event "*** Biggest EVER Titled Tuesday"]
[Site "Chess.com"]
[Date "2018.04.17"]
[Round "3"]
[White "Margency"]
[Black "muran29"]
[Result "1-0"]
[WhiteElo "2546"]
[BlackElo "2345"]
[TimeControl "180+2"]
[EndTime "13:36:14 PDT"]
[Termination "Margency won by checkmate"]

1. e4 c6 2. c4 d5 3. exd5 cxd5 4. cxd5 Nf6 5. Nc3 g6 6. Bc4 Bg7 7. Nf3 O-O 8. O-O Nbd7 9. Qb3 Nb6 10. d3 Bf5 11. Re1 Rc8 12. Bg5 h6 13. Bh4 g5 14.
Bg3 Nh5 15. Be5 Nf4 16. Bxg7 Kxg7 17. Re3 Qc7 18. Nd4 Bg6 19. Ndb5 Qc5 20. Rae1 Rfe8 21. g3 Nxc4 22. dxc4 Nd3 23. R1e2 Nc1 24. Qd1 Nxe2+ 25. Qxe2 Qxc4 26. Nxa7 Qxe2 27. Rxe2 Rc5 28. Nab5 Bd3 29.
Nd6 Bxe2 30. Nxe8+ Kf8 31. Nxe2 Kxe8 32. Nc3 Rc4 33. Kf1 h5 34. Ke2 h4 35. Kd3 Rc8 36.
a4 h3 37. Kd4 Kd7 38. b4 f6 39. a5 e5+ 40. dxe6+ Kxe6 41. Ne4 Rc1 42. Nc5+ Kd6 43. Nxb7+ Kc7 44. Nc5 Rh1 45. b5 Rxh2 46. b6+ Kc6 47.
b7 Kc7 48. a6 Rxf2 49. a7 h2 50. b8=Q+ Kc6 51. a8=Q# 1-0

[Event "*** Biggest EVER Titled Tuesday"]
[Site "Chess.com"]
[Date "2018.04.17"]
[Round "3"]
[White "Thee-Chessboy"]
[Black "AnonymousBread"]
[Result "0-1"]
[WhiteElo "2288"]
[BlackElo "2403"]
[TimeControl "180+2"]
[EndTime "13:36:14 PDT"]
[Termination "AnonymousBread won by resignation"]

1. d4 Nf6 2. c4 g6 3. Nf3 Bg7 4. g3 O-O 5. Bg2 d6 6. O-O c6 7. Nc3 Qa5 8. Re1 e5 9. h3 Re8 10. e4 Nbd7 11. a3 exd4 12. Nxd4 Ne5 13. b4 Qc7 14. Bf1 Be6 15. Nxe6 Rxe6 16. f4 Ned7 17.
Ra2 Rae8 18. Rae2 h5 19. Bg2 a5 20. Qb3 axb4 21. axb4 Nh7 22. Be3 Qd8 23. Bf2 h4 24. Nd1 hxg3 25. Bxg3 f5 26. c5 d5 27. e5 b6 28. Bf2 bxc5 29. bxc5 g5 30. Ne3 gxf4 31.
Nxd5 cxd5 32. Bxd5 Nhf8 33. c6 Nb8 34. Bb6 Qe7 35.
c7 Nbd7 36. Bd4 Kh8 37. Bxe6 Nxe6 38. Bb2 Qc5+ 39. Kh1 Qxc7 40. Rg2 Qc6 41. Kh2 f3 42. Rf2 Ndc5 43. Qc4 Qb7 44. Qh4+ Kg8 45. Bc1 Nd3 46. Rg1 Nxf2 47. Bh6 Qe4 48. Bxg7 Nxg7 49. Qf6 Qxe5+ 50. Qxe5 Rxe5 0-1

[Event "*** Biggest EVER Titled Tuesday"]
[Site "Chess.com"]
[Date "2018.04.17"]
[Round "3"]
[White "kikydu96"]
[Black "guillembaches"]
[Result "1/2-1/2"]
[WhiteElo "2350"]
[BlackElo "2241"]
[TimeControl "180+2"]
[EndTime "13:36:15 PDT"]
[Termination "Game drawn - insufficient material"]

1. e4 c5 2. Nf3 d6 3. d4 cxd4 4.
Nxd4 Nf6 5. Nc3 Nc6 6. Bg5 e6 7. Qd2 h6 8. Be3 Ng4 9. O-O-O Nxe3 10. Qxe3 Qb6 11. Be2 Be7 12. Kb1 O-O 13. f4 Bf6 14. Na4 Qb4 15. Qb3 Qxb3 16. Nxb3 Rd8 17. Nc3 a6 18. Na4 b5 19. Nb6 Rb8 20. Nxc8 Rbxc8 21. Rd2 g5 22. g3 Kf8 23. Rhd1 Ke7 24. Bf3 Bg7 25. h4 Bf6 26. hxg5 hxg5 27. Rh2 Rh8 28. Rdh1 Rxh2 29. Rxh2 Nd4 30. Nxd4 Bxd4 31. Rh7 gxf4 32. gxf4 Rg8 33. c3 Rg7 34. Rxg7 Bxg7 35. a4 bxa4 36. Be2 a3 37. bxa3 Bxc3 38. Bxa6 Bd2 39. f5 Kf6 40. Bd3 Ke5 41. Kc2 Ba5 42. Kb3 d5 43.
exd5 Kxd5 44. Ka4 Bd2 45. Kb5 e5 46. a4 e4 47. Bf1 Ke5 48. a5 Kxf5 49. a6 Be3 50.
Kc4 Kf4 51. Be2 f5 52. Kd5 Kg3 53. Ke5 Kf2 54. Kxf5 Kxe2 55. Kxe4 Bf2 56. a7 Bxa7 1/2-1/2

[Event "*** Biggest EVER Titled Tuesday"]
[Site "Chess.com"]
[Date "2018.04.17"]
[Round "3"]
[White "Annawel"]
[Black "Shtembuliak"]
[Result "1/2-1/2"]
[WhiteElo "2869"]
[BlackElo "2640"]
[TimeControl "180+2"]
[EndTime "13:36:16 PDT"]
[Termination "Game drawn by repetition"]

1. Nf3 Nf6 2. g3 g6 3. Bg2 Bg7 4. b3 O-O 5. Bb2 d6 6. d4 a5 7. O-O a4 8. c4 axb3 9. axb3 Rxa1 10. Bxa1 Na6 11. Nc3 c6 12. e4 Bg4 13. Re1 Nd7 14. Na4 Nb6 15. Nb2 c5 16. d5 Nb4 17.
Qd2 Bxf3 18. Bxf3 Qa8 19. Na4 Nxa4 20. Bxg7 Kxg7 21. Ra1 b6 22. Rxa4 Qb8 23. Be2 Kg8 24. Qc1 e6 25. dxe6 fxe6 26. Bg4 e5 27. Qd2 Kg7 28.
Bd7 Qc7 29. Bb5 Qf7 30. Ra1 Qf6 31. Re1 Ra8 32. Ba4 Rf8 33. Re3 Ra8 34. Kg2 Rf8 35. h4 Rf7 36. Kg1 Rf8 37. Kg2 Rf7 38. Kg1 h6 39. Kg2 Rf8 40. Kg1 Rf7 41. Re2 Qf3 42.
Re3 Qf6 43. Re2 Qf3 44. Re3 Qf6 45. Re2 Qf3 46. Re3 Qf6 1/2-1/2

[Event "*** Biggest EVER Titled Tuesday"]
[Site "Chess.com"]
[Date "2018.04.17"]
[Round "3"]
[White "SenseiJulio"]
[Black "Shant_Sargsyan"]
[Result "0-1"]
[WhiteElo "2626"]
[BlackElo "2815"]
[TimeControl "180+2"]
[EndTime "13:36:17 PDT"]
[Termination "Shant_Sargsyan won by resignation"]

1. Nf3 d5 2. e3 Nf6 3. d4 Bf5 4. Bd3 Bxd3 5. Qxd3 c6 6. O-O e6 7. c4 Nbd7 8. Nc3 Be7 9. e4 dxe4 10. Nxe4 Nxe4 11.
Qxe4 O-O 12. Bd2 Nf6 13. Qe2 a5 14. Rad1 a4 15. Rfe1 b5 16. Ne5 Qb6 17. Bg5 bxc4 18. Bxf6 Bxf6 19. Nd7 Qb5 20. Nxf6+ gxf6 21. Qf3 Qd5 22.
Qxf6 Qd8 23. Qh6 Ra5 24. h4 Kh8 25. Qf4 Rf5 26. Qh6 Rg8 27. Re4 Rg6 28. Qe3 h6 29. g3 Kh7 30. Re5 Rxe5 31. Qxe5 Qd5 32. Qf4 Kg7 33. Re1 Rf6 34. Qg4+ Rg6 35. Qf4 Rf6 36. Qe5 Qxe5 37. Rxe5 Rf3 38. Rc5 a3 39. bxa3 Rxa3 40. Rxc6 c3 41. Kg2 Kf6 42. g4 Ke7 43. Rc5 Kd6 44. h5 f6 45. Kf1 e5 46.
Rc4 Kd5 47. Rc8 exd4 48. Ke1 Rxa2 49. f4 Ke4 50. g5 fxg5 51. fxg5 hxg5 52. h6 Rh2 0-1

[Event "*** Biggest EVER Titled Tuesday"]
[Site "Chess.com"]
[Date "2018.04.17"]
[Round "3"]
[White "Alexander_Moskalenko"]
[Black "Zhuu96"]
[Result "1/2-1/2"]
[WhiteElo "2713"]
[BlackElo "2727"]
[TimeControl "180+2"]
[EndTime "13:36:29 PDT"]
[Termination "Game drawn - insufficient material"]

1. d4 Nf6 2. c4 g6 3. Nf3 Bg7 4. g3 c5 5. Bg2 cxd4 6. Nxd4 Qc7 7. b3 O-O 8. Bb2 d5 9. cxd5 Rd8 10. Nc3 a6 11.
O-O Nbd7 12. Rc1 Qb6 13. e4 Ne5 14. h3 Bxh3 15. Na4 Qa7 16. Bxh3 Nxe4 17. Bg2 Nd6 18. Re1 h5 19. Nf3 Ng4 20. Qe2 Bh6 21. Bd4 Qb8 22.
Rc2 Nf5 23. Bb6 Rxd5 24. Rd1 Rxd1+ 25. Qxd1 Qf8 26. Rc7 Nd6 27. Bc5 Ne4 28. Bb6 Rd8 29. Rd7 Rc8 30. Rd8 Rxd8 31. Qxd8 Qxd8 32. Bxd8 Ngxf2 33. Bxe7 Ng4 34. Bh3 Nxg3 35. Bc5 Ne2+ 36. Kf1 Nf4 37.
Bxg4 hxg4 38. Ne5 g3 39. Nf3 Nd3 40. Bd4 Nc1 41. Nc3 f5 42. Kg2 f4 43. Ne5 g5 44.
Ng4 Bf8 45. Ne4 Kf7 46. Nxg5+ Kg6 47. Nf3 Nxa2 48. Nge5+ Kf5 49. Nd3 Ke4 50. Nc5+ Bxc5 51. Bxc5 Nc1 52. b4 Nd3 53. Bf8 Kd5 54. Nd2 Ne1+ 55.
Kf1 g2+ 56. Kf2 f3 57. Kg1 Ke6 58. Bc5 Kf5 59. Bf2 Nd3 60. Nxf3 Nxf2 61. Kxf2 Ke4 62.
Kxg2 Kd3 63. Kf2 Kc4 64. Ke3 Kxb4 65. Kd3 Kb3 66. Nd4+ Kb2 67. Kc4 b5+ 68. Nxb5 axb5+ 69. Kxb5 1/2-1/2

[Event "*** Biggest EVER Titled Tuesday"]
[Site "Chess.com"]
[Date "2018.04.17"]
[Round "3"]
[White "GM_dmitrij"]
[Black "rezacz"]
[Result "1-0"]
[WhiteElo "2660"]
[BlackElo "2430"]
[TimeControl "180+2"]
[EndTime "13:36:29 PDT"]
[Termination "GM_dmitrij won by resignation"]

1. e4 e5 2. Nf3 Nc6 3. Bc4 Bc5 4. c3 Nf6 5. d3 a6 6. O-O Ba7 7.
Bb3 d6 8. Nbd2 h6 9. Nc4 O-O 10. h3 Ne7 11. Be3 Ng6 12. a4 Bxe3 13. Nxe3 Re8 14. Kh2 Nf4 15. Bc2 N6h5 16. Ng1 Re6 17. g3 Rg6 18. gxf4 Nxf4 19. Qf3 Qh4 20. Nf5 Bxf5 21.
exf5 Rg2+ 22. Kh1 Re8 23. Ne2 Rg5 24. Nxf4 exf4 25. Rg1 Rg3 26. Rxg3 fxg3 27. Qxg3 Qf6 28. d4 Re2 29. Rc1 Qe7 30. b4 d5 31. Rg1 f6 32.
Bd3 Rd2 33. Bf1 c6 34. Bg2 Kf8 35. a5 Kg8 36. Kh2 Kh8 37. Bf1 Kh7 38. Rg2 Kh8 39. Qe3 Qxe3 40. fxe3 Rd1 41. Be2 Rc1 42. e4 Rxc3 43. e5 fxe5 44. dxe5 Re3 45. e6 Kg8 46.
Bh5 Kf8 47. Re2 Rxe2+ 48. Bxe2 Ke7 49. Kg3 Kf6 50. Kf4 g5+ 51. fxg6 Kxe6 52. h4 Kf6 53. h5 Ke6 54. Ke3 Kf6 55. Kd4 1-0

[Event "*** Biggest EVER Titled Tuesday"]
[Site "Chess.com"]
[Date "2018.04.17"]
[Round "3"]
[White "StellarChessPro"]
[Black "leclash"]
[Result "1/2-1/2"]
[WhiteElo "2367"]
[BlackElo "2346"]
[TimeControl "180+2"]
[EndTime "13:36:29 PDT"]
[Termination "Game drawn by repetition"]

1. d4 d5 2. c4 e6 3. Nf3 c6 4.
Nbd2 Nf6 5. e3 Nbd7 6. Bd3 Bd6 7. O-O O-O 8. e4 dxe4 9. Nxe4 Nxe4 10. Bxe4 h6 11. Qe2 e5 12. dxe5 Nxe5 13. Nxe5 Bxe5 14. Qf3 Qf6 15. Qxf6 Bxf6 16. Rb1 Be6 17. b3 a5 18. Be3 a4 19. Rfd1 a3 20. h3 Rfd8 21. Rxd8+ Rxd8 22. Kf1 Bb2 23. Ke2 f5 24. Bc2 Kf7 25. Rd1 Rxd1 26.
Kxd1 Kf6 27. Bc5 g5 28. Ke2 Ke5 29. Kd2 Bd4 30. Bxa3 Bxf2 31. Bb2+ Bd4 32. Ba3 f4 33. Bd1 Be3+ 34. Ke1 Bf5 35. Bb2+ Ke6 36. Bg7 Be4 37. Kf1 Bd3+ 38. Ke1 Be4 39. Bg4+ Kf7 40. Bxh6 Kg6 41. Bf8 Bxg2 42. Ke2 Bd4 43. Bb4 Be4 44. Be1 Kf6 45.
Bd2 Ke5 46. Be1 Bb1 47. a3 Ba2 48. Kd3 Bxb3 49. h4 gxh4 50. Bxh4 b5 51. cxb5 cxb5 52.
Bf6+ Kxf6 53. Kxd4 Kg5 54. Be2 Ba4 55. Ke4 Bc2+ 56.
Ke5 Ba4 57. Ke4 Bc2+ 58. Ke5 Ba4 59. Ke4 Bc2+ 60. Ke5 1/2-1/2

[Event "*** Biggest EVER Titled Tuesday"]
[Site "Chess.com"]
[Date "2018.04.17"]
[Round "3"]
[White "Renegade_Hitman"]
[Black "LordIron"]
[Result "1-0"]
[WhiteElo "2079"]
[BlackElo "2126"]
[TimeControl "180+2"]
[EndTime "13:36:30 PDT"]
[Termination "Renegade_Hitman won on time"]

1. d4 c5 2. d5 e5 3. e4 d6 4.
Nf3 Be7 5. Be2 f5 6. Nfd2 Nf6 7. Nc3 O-O 8. O-O Na6 9. Bxa6 bxa6 10. Re1 Rb8 11.
Nc4 fxe4 12. Nxe4 Nxe4 13. Rxe4 Bf5 14. Re3 Bg5 15. Ra3 Bxc1 16. Qxc1 Be4 17. Qd2 Rb4 18. c3 Rxc4 19. b3 Rd4 20. cxd4 cxd4 21. Rxa6 Bxd5 22.
Rxa7 Qb6 23. Qa5 Qxa5 24. Rxa5 Be6 25. Ra6 Rd8 26. Rc1 d3 27. Kf1 e4 28. Ke1 Kf7 29. Rc7+ Kf6 30. Rcc6 Ke5 31. b4 Rb8 32. Rxd6 Bxa2 33.
Rdb6 Rxb6 34. Rxb6 Kd4 35. Rc6 Bd5 36. Rc7 e3 37.
fxe3+ Kxe3 38. Re7+ Kd4 39. Rxg7 h5 40. Kd2 Kc4 41.
Rg5 Be4 42. Rxh5 Bxg2 43. Rh4+ Kb5 44. Kxd3 Bf1+ 45. Kc3 Bg2 46. Rh5+ Kb6 47. Rg5 Be4 48. h4 1-0

[Event "*** Biggest EVER Titled Tuesday"]
[Site "Chess.com"]
[Date "2018.04.17"]
[Round "3"]
[White "ChessQueen"]
[Black "ChessTrail"]
[Result "1-0"]
[WhiteElo "2625"]
[BlackElo "2493"]
[TimeControl "180+2"]
[EndTime "13:36:31 PDT"]
[Termination "ChessQueen won by resignation"]

1. e4 c5 2. c3 e6 3. d4 d5 4. exd5 exd5 5. Nf3 Nc6 6. Bb5 Bd6 7. O-O Ne7 8. dxc5 Bxc5 9. Bg5 O-O 10. Nbd2 Qc7 11.
Nb3 Bd6 12. h3 f6 13. Be3 Bf5 14. Nbd4 Be4 15. Ne6 Qa5 16. Bxc6 bxc6 17. Nxf8 Rxf8 18. Nd2 Bg6 19. Nb3 Qb5 20. Re1 Nf5 21. Bxa7 Ra8 22.
Be3 Nxe3 23. Rxe3 Bf7 24. Re1 c5 25. Qc2 Bg6 26. Qe2 Qc6 27. Nd2 c4 28. Nf3 Be4 29. Nd4 Qd7 30. f3 Bd3 31. Qe6+ Qxe6 32. Rxe6 Bc5 33. Rc6 Bxd4+ 34. cxd4 Ra5 35. Rc7 h5 36. a4 Bc2 37. Re1 Rxa4 38. Ree7 Rb4 39. Rxg7+ Kh8 40.
Rgd7 Rb8 41. Rxd5 Bg6 42. Rdc5 Rxb2 43. Rxc4 Rb1+ 44. Rc1 Rb4 45. Rd1 Rb2 46. d5 Bc2 47. Rd2 Rb1+ 48. Kf2 Bf5 49. d6 Kg8 50. d7 1-0